Map: Blackpink LE

Players

pillOw (Nina) - Winner!

  • Race: Protoss Protoss
  • League: Grandmaster
  • Spawn Location: 1:00

llllllllllll

  • Race: Protoss Protoss
  • League: Grandmaster
  • Spawn Location: 7:00

VOD

Have the link to the VOD?

Description

Time

  • Played on: Feb. 14, 2018, 11:48 p.m.
  • Length: 6:05
Show
View Real Time Build Order
Export as new Build Order

pillOw Protoss - Winner!

Build Orders: Oracle Opening 

Get SALT Encoding   

  12  0:01  Probe  
  13  0:13  Probe  
  14  0:19  Pylon  
  14  0:25  Probe (Chrono Boost)  
  15  0:37  Probe (Chrono Boost)  
  15  0:39  Gateway  
  16  0:46  Probe (Chrono Boost)  
  16  0:47  Assimilator  
  17  0:51  Probe (Chrono Boost)  
  17  0:55  Assimilator  
  18  1:04  Probe (Chrono Boost)  
  19  1:09  Gateway  
  19  1:12  Probe (Chrono Boost)  
  19  1:18  Probe  
  21  1:26  Cybernetics Core  
  21  1:30  Probe  
  22  1:36  Pylon  
  22  1:42  Probe  
  23  1:54  Probe  
  24  2:02  Warp Gate (Chrono Boost)  
  24  2:04  Adept x2  
  28  2:09  Pylon  
  28  2:19  Stargate  
  28  2:31  Stalker x2  
  32  2:45  Gateway  
  32  2:55  Pylon  
  32  3:02  Oracle (Chrono Boost)  
  35  3:08  Shield Battery  
  33  3:38  Oracle  
  34  3:42  Probe  
  35  3:54  Pylon  
  35  3:56  Stalker x3  
  41  4:20  Pylon  
  41  4:21  Stalker x2  
  41  4:24  Stalker  
  47  4:35  Pylon  
  47  4:44  Stalker x2  
  51  4:48  Zealot  
  47  5:08  Stalker x2  
  47  5:09  Stalker  
  37  5:35  Stalker x2  
  37  5:41  Stalker  
  43  6:03  Nexus  
Show
View Real Time Build Order
Export as new Build Order

llllllllllll Protoss 

Build Orders: Phoenix Opening 

Get SALT Encoding   

  12  0:00  Probe  
  13  0:13  Probe  
  14  0:17  Pylon  
  14  0:25  Probe (Chrono Boost)  
  15  0:36  Gateway  
  15  0:37  Probe (Chrono Boost)  
  16  0:44  Probe (Chrono Boost)  
  16  0:45  Assimilator  
  17  0:51  Probe (Chrono Boost)  
  17  0:54  Assimilator  
  18  1:03  Probe (Chrono Boost)  
  19  1:07  Gateway  
  19  1:11  Probe (Chrono Boost)  
  20  1:17  Probe  
  20  1:23  Cybernetics Core  
  21  1:29  Probe  
  22  1:35  Pylon  
  22  1:42  Probe  
  23  1:54  Warp Gate (Chrono Boost), Probe  
  24  1:59  Stalker  
  24  2:00  Stalker  
  28  2:07  Pylon  
  28  2:23  Stargate  
  30  2:30  Adept x2  
  32  2:45  Gateway  
  32  2:57  Stalker x2  
  36  3:08  Pylon  
  36  3:10  Phoenix  
  32  3:45  Stalker x3  
  37  4:07  Probe  
  38  4:10  Robotics Facility  
  38  4:16  Pylon  
  38  4:26  Shield Battery  
  38  4:31  Nexus  
  38  4:35  Probe  
  39  4:39  Sentry  
  39  4:40  Sentry  
  42  4:48  Stalker  
  44  4:53  Pylon  
  37  5:03  Probe (Chrono Boost)  
  37  5:08  Observer  
  38  5:17  Stalker  
  35  5:25  Zealot  
  30  5:29  Zealot  
  24  5:44  Zealot  
  24  5:45  Zealot  
  26  5:52  Zealot  
Tags
 
Add a new tag
Caveats
  • Supply blocks, unpowered buildings, or Contaminate may cause inaccurate times.
  • Supply counts are checked every 10 seconds.